 Dungeon Crawl Stone Soup version 0.23.2-40-g277498a001 (webtiles) character file.

Game seed: 81413775431859096

34771 Gildeon the Severer (level 13, -2/105 HPs)
             Began as a Minotaur Fighter on Oct 9, 2019.
             Was the Champion of Nemelex Xobeh.
             Killed from afar by an electric eel (11 damage)
             ... with a bolt of electricity
             ... on level 4 of the Lair of Beasts.
             The game lasted 00:47:31 (16994 turns).

Gildeon the Severer (Minotaur Fighter)             Turns: 16994, Time: 00:47:32

Health: -2/105     AC: 26    Str: 25    XL:     13   Next: 44%
Magic:  28/28      EV:  6    Int:  8    God:    Nemelex Xobeh [******]
Gold:   1048       SH: 13    Dex: 11    Spells: 20/22 levels left

rFire    . . .     SeeInvis .   l - +4 war axe (freeze)
rCold    . . .     Gourm    .   c - +0 shield
rNeg     . . .     Faith    .   w - +1 crystal plate armour
rPois    .         Spirit   .   H - +2 hat {Int+3}
rElec    .         Reflect  .   m - +0 cloak
rCorr    .         Harm     .   p - +0 pair of gloves
MR       .....                  F - +1 pair of boots
Stlth    ..........             (no amulet)
HPRegen  0.27/turn              G - ring of magical power
MPRegen  0.21/turn              (no ring)

@: very slow
A: retaliatory headbutt, horns 2
a: Draw Escape, Draw Destruction, Draw Summoning, Triple Draw, Deal Four, Stack
Five, Renounce Religion


You were on level 4 of the Lair of Beasts.
You worshipped Nemelex Xobeh.
Nemelex Xobeh was exalted by your worship.
You were hungry.

You visited 3 branches of the dungeon, and saw 19 of its levels.

You collected 1048 gold pieces.

Inventory:

Hand Weapons
 a - a +3 war axe
 l - a +4 war axe of freezing (weapon)
 v - a +0 morningstar
Armour
 c - a +0 shield (worn)
 m - a +0 cloak (worn)
 p - a +0 pair of gloves (worn)
 w - a +1 crystal plate armour (worn)
 F - a +1 pair of boots (worn)
 H - a +2 hat of intelligence (worn)
Jewellery
 G - a ring of magical power (left hand)
Wands
 g - a wand of iceblast (7)
 q - a wand of paralysis (15)
 s - a wand of scattershot (3)
 x - a wand of digging (4)
 E - a wand of acid (26)
 J - a wand of disintegration (9)
 L - a wand of enslavement (7)
 M - a wand of flame (6)
Scrolls
 d - a scroll of identify
 e - 4 scrolls of blinking
 h - 3 scrolls of fog
 n - 4 scrolls of remove curse
 o - 2 scrolls of fear
 t - 5 scrolls of enchant armour
 u - 6 scrolls of amnesia
 y - 9 scrolls of teleportation
 z - a scroll of torment
 C - a scroll of magic mapping
 D - a scroll of vulnerability
Potions
 b - 2 potions of flight
 i - 7 potions of curing
 j - 2 potions of lignification
 k - a potion of resistance
 r - 4 potions of invisibility
 B - 2 potions of brilliance
 I - a potion of might
 K - a potion of heal wounds
Comestibles
 f - 25 rations


   Skills:
 + Level 7.5 Fighting
 - Level 16.0 Axes
 + Level 6.8 Armour
 - Level 5.0 Dodging
 + Level 12.6 Shields
 - Level 5.0 Spellcasting
 - Level 5.0 Hexes
 - Level 5.3 Invocations
 - Level 5.0 Evocations


You had 20 spell levels left.
You knew the following spells:

 Your Spells              Type           Power        Failure   Level  Hunger
a - Confusing Touch       Hex            ##....       96%         1    #......
b - Summon Small Mammal   Summ           #...         100%        1    #......

Your spell library contained the following spells:

 Spells                   Type           Power        Failure   Level  Hunger
 Animate Skeleton         Necr           N/A          100%        1    #......
 Apportation              Tloc           #.....       100%        1    #......
 Beastly Appendage        Tmut           #.....       100%        1    #......
 Call Imp                 Summ           #.......     100%        2    ##.....
 Sticks to Snakes         Tmut           #.......     100%        2    ##.....
 Call Canine Familiar     Summ           #.......     100%        3    ###....
 Spider Form              Tmut/Pois      #.........   100%        3    ###....
 Summon Guardian Golem    Hex/Summ       #.......     100%        3    ###....
 Ice Form                 Ice/Tmut       #.......     100%        4    #####..
 Summon Ice Beast         Ice/Summ       #.......     100%        4    #####..
 Summon Lightning Spire   Summ/Air       #.......     100%        4    #####..
 Blade Hands              Tmut           #.........   100%        5    ######.


Dungeon Overview and Level Annotations

Branches:
Dungeon (13/15)            Temple (1/1) D:6            Lair (5/6) D:8
  Swamp (0/4) Lair:2        Snake (0/4) Lair:4          Orc (0/2) D:12
 Vaults (0/5) D:13
  Slime: Lair:5-6

Altars:
Ashenzari
Cheibriados
Dithmenos
Elyvilon
Fedhas
Gozag
Hepliaklqana
Kikubaaqudgha
Makhleb
Nemelex Xobeh
Okawaru
Qazlal
Ru
Sif Muna
Trog
Uskayaw
Vehumet
Wu Jian
Xom
Yredelemnul
Zin
The Shining One

Shops:
D:5 :   D:8 !!%=   D:10 !

Annotations:
D:4 3 runed translucent doors, Pizzadoos's ghost, amateur FoFi
D:11 2 transporters, fritzmikael's ghost, novice GnWz


Innate Abilities, Weirdness & Mutations

You reflexively headbutt those who attack you in melee.
You have a pair of horns on your head.


Message History

The bolt of electricity hits you.
* * * LOW HITPOINT WARNING * * *
The bolt of electricity hits the electric eel.
The electric eel completely resists.
Your unstable footing causes you to fumble your attack.
Your unstable footing causes you to fumble your attack.
The electric eel is no longer moving slowly.
The electric eel shoots out a bolt of lightning at you!
The bolt of electricity hits you.
* * * LOW HITPOINT WARNING * * *
The bolt of electricity hits you!
* * * LOW HITPOINT WARNING * * *
The bolt of electricity hits the electric eel.
The electric eel completely resists.
Your unstable footing causes you to fumble your attack.
Your unstable footing causes you to fumble your attack.
The electric eel shoots out a bolt of lightning at you!
The bolt of electricity hits you!
You die...
Your body glows with a rainbow of weird colours and disappears.

......<....####.....#......#### #
............##.÷..P##..######.###
.......#........).####..# #....#
......#..#........# #..## #....##
.....#####.#.....## #..# #.....#
....# #.)..#### ##.P# #......
...# #....#.### #.## ##..... ..#
#.....#.#.### ### ##....
#......#..@..#### #..≈..
##...)..≈≈;≈..#.# ##.≈≈≈
......≈≈≈≈≈≈≈..## ##.≈≈
......≈≈≈≈≈≈....# #.≈≈≈
.....≈≈≈≈≈.<..#.# ##≈≈≈.
.....≈≈≈≈≈.....#.# ≈≈≈.≈ .
#.....≈≈≈≈≈≈...###.. #≈≈.. ..
##......≈≈≈≈≈≈≈≈## ..##≈≈.P ..#
##.?.......≈≈≈≈≈.≈ #..≈≈≈.


You could see an electric eel.

Vanquished Creatures
  A dire elephant (Lair:2)
  Josephine (Lair:5)
  Harold (D:8)
  Erolcha (D:9)
  3 hydras
  A centaur warrior (D:11)
  Pikel (D:8)
  2 ugly things
  A cyclops (D:11)
  An orc knight (D:13)
  A manticore (D:12)
  13 elephants
  A black mamba (Lair:5)
  A gargoyle (D:10)
  2 centaur skeletons
  A rime drake (Lair:4)
  5 spiny frogs
  A polar bear (Lair:4)
  2 trolls
  8 blink frogs (Lair:3)
  4 slime creatures (D:12)
  9 hippogriffs
  Sigmund (D:2)
  A water elemental (D:13)
  A spriggan (Lair:2)
  4 wraiths (Lair:5)
  2 wyverns (D:12)
  2 basilisks
  Eustachio (D:6)
  12 yaks
  A fire bat (D:6)
  2 hungry ghosts
  Edmund (D:5)
  A warg (D:13)
  A naga (Lair:4)
  An acid dragon (D:12)
  7 porcupines
  Duvessa (D:7)
  6 water moccasins
  5 sky beasts
  A black bear (D:6)
  6 orc warriors
  An eye of draining (D:12)
  2 ice beasts
  8 ogres
  4 phantoms
  4 wolves (Lair:4)
  8 centaurs
  A gnoll sergeant (D:10)
  12 crocodiles
  6 bullfrogs
  Dowan (D:7)
  3 scorpions
  8 killer bees
  6 wights
  An electric eel (D:8)
  3 howler monkeys
  A bullfrog zombie (D:12)
  3 crimson imps
  3 centaur zombies
  A jelly (D:12)
  4 hounds
  5 orc priests
  10 orc wizards
  A bullfrog skeleton (D:8)
  An iguana (D:12)
  Ijyb (D:5)
  Natasha (thrice) (D:2)
  Terence (D:2)
  11 worker ants
  13 gnolls
  A howler monkey skeleton (D:6)
  14 adders
  2 shadow imps
  2 oozes
  A worm (D:4)
  A dart slug (D:3)
  5 leopard geckos
  38 orcs
  10 bats
  8 giant cockroaches
  5 goblins
  4 hobgoblins
  13 jackals
  2 quokkas
  2 ball pythons (D:1)
  3 frilled lizards
  A jackal zombie (D:5)
  7 kobolds
  A leopard gecko zombie (D:5)
  A quokka skeleton (D:4)
  7 rats
  2 fungi
  2 plants
376 creatures vanquished.

Vanquished Creatures (collateral kills)
  A titan (D:11)
  An ugly thing (D:10)
  2 orc warriors
  4 slaves (D:8)
  3 orcs
11 creatures vanquished.

Vanquished Creatures (others)
  An orc priest (D:9)
  55 fungi
  5 plants
61 creatures vanquished.

Grand Total: 448 creatures vanquished

Notes
Turn   | Place    | Note
-------+----------+-------------------------------------------
     0 | D:1      | Gildeon the Minotaur Fighter began the quest for the Orb.
     0 | D:1      | Reached XP level 1. HP: 19/19 MP: 0/0
   215 | D:1      | Reached skill level 3 in Axes
   244 | D:1      | Reached XP level 2. HP: 23/26 MP: 1/1
   728 | D:2      | Reached skill level 4 in Axes
   796 | D:2      | Noticed an orc warrior
   810 | D:2      | Killed an orc warrior
   810 | D:2      | Reached skill level 6 in Axes
   810 | D:2      | Reached XP level 3. HP: 22/31 MP: 2/2
   810 | D:2      | Reached XP level 4. HP: 28/39 MP: 3/3
   814 | D:2      | Reached XP level 5. HP: 33/45 MP: 4/4
   868 | D:2      | Noticed Sigmund
   882 | D:2      | Killed Sigmund
   882 | D:2      | Reached skill level 7 in Axes
   882 | D:2      | Reached XP level 6. HP: 28/51 MP: 5/5
  1021 | D:2      | Noticed Natasha
  1025 | D:2      | Killed Natasha
  1025 | D:2      | Reached skill level 8 in Axes
  1165 | D:2      | Noticed Natasha
  1171 | D:2      | Killed Natasha
  1186 | D:2      | Noticed Natasha
  1195 | D:2      | Killed Natasha
  1458 | D:2      | Noticed Terence
  1464 | D:2      | Killed Terence
  1679 | D:3      | Reached skill level 9 in Axes
  1758 | D:3      | Reached XP level 7. HP: 57/57 MP: 6/6
  1919 | D:3      | Found a sparkling altar of Nemelex Xobeh.
  1938 | D:3      | Became a worshipper of Nemelex Xobeh the Trickster
  2015 | D:3      | Received a gift from Nemelex Xobeh
  2676 | D:4      | Reached skill level 10 in Axes
  2739 | D:4      | Found a runed translucent gate.
  2739 | D:4      | Found a runed translucent gate.
  2739 | D:4      | Found a runed translucent gate.
  2739 | D:4      | Noticed Pizzadoos's ghost (amateur FoFi)
  2935 | D:4      | Found a sacrificial altar of Ru.
  2955 | D:4      | Reached * piety under Nemelex Xobeh
  3009 | D:4      | Found a hide-covered altar of Uskayaw.
  3513 | D:5      | Entered Level 5 of the Dungeon
  3549 | D:5      | Found Wuvoclol's Book Shoppe.
  3584 | D:5      | Reached skill level 11 in Axes
  3584 | D:5      | Reached XP level 8. HP: 63/64 MP: 7/7
  3652 | D:5      | Found a blossoming altar of Fedhas.
  3844 | D:5      | Noticed Edmund
  3858 | D:5      | Killed Edmund
  3886 | D:5      | Reached skill level 12 in Axes
  3963 | D:5      | Found a stormy altar of Qazlal.
  3964 | D:5      | Received a gift from Nemelex Xobeh
  3964 | D:5      | Noticed an air elemental
  4243 | D:5      | Noticed Ijyb
  4249 | D:5      | Killed Ijyb
  4560 | D:6      | Found a transporter.
  4562 | D:6      | Reached ** piety under Nemelex Xobeh
  4634 | D:6      | Reached skill level 13 in Axes
  4928 | D:6      | Noticed Eustachio
  4943 | D:6      | Killed Eustachio
  4943 | D:6      | Reached XP level 9. HP: 70/70 MP: 8/8
  5006 | D:6      | Reached skill level 14 in Axes
  5149 | D:6      | Received a gift from Nemelex Xobeh
  5156 | D:6      | Found a staircase to the Ecumenical Temple.
  5231 | D:6      | Found a transporter.
  5434 | Temple   | Entered the Ecumenical Temple
  5806 | D:6      | Got a pitted war axe
  6222 | D:7      | Noticed Duvessa
  6230 | D:7      | Killed Duvessa
  6231 | D:7      | Noticed Dowan
  6244 | D:7      | Killed Dowan
  6380 | D:7      | Found a burning altar of Makhleb.
  6380 | D:7      | Found a sacrificial altar of Ru.
  6383 | D:7      | Found a shadowy altar of Dithmenos.
  6397 | D:7      | Reached skill level 15 in Axes
  6761 | D:7      | Found an ornate altar of the Wu Jian Council.
  6761 | D:7      | Found a snail-covered altar of Cheibriados.
  6761 | D:7      | Found a shattered altar of Ashenzari.
  6829 | D:7      | Found a deep blue altar of Sif Muna.
  6926 | D:8      | Found Giqerch's Food Shoppe.
  6927 | D:8      | Noticed Pikel
  6954 | D:8      | Killed Pikel
  6955 | D:8      | Found Azeiwn's Jewellery Shoppe.
  7178 | D:8      | Found an opulent altar of Gozag.
  7312 | D:8      | Found Beakudgha's Distillery.
  7343 | D:8      | Reached skill level 16 in Axes
  7363 | D:8      | Noticed Harold
  7375 | D:8      | Killed Harold
  7375 | D:8      | Reached XP level 10. HP: 66/80 MP: 9/9
  7433 | D:8      | Received a gift from Nemelex Xobeh
  7435 | D:8      | Found a staircase to the Lair.
  7454 | D:8      | Reached skill level 5 in Fighting
  7471 | D:8      | Reached skill level 5 in Armour
  7735 | D:8      | Reached *** piety under Nemelex Xobeh
  7736 | D:8      | Found Tasadoy's Distillery.
  8118 | D:9      | Learned a level 1 spell: Confusing Touch
  8196 | D:9      | Reached skill level 1 in Evocations
  8219 | D:9      | Found an iron altar of Okawaru.
  8329 | D:9      | Reached skill level 5 in Shields
  8334 | D:9      | Reached skill level 5 in Dodging
  8468 | D:9      | Noticed Erolcha
  8473 | D:9      | Killed Erolcha
  8473 | D:9      | Reached skill level 1 in Invocations
  8528 | D:9      | Noticed a two-headed ogre
  8540 | D:9      | Noticed an elephant
  8540 | D:9      | a two-headed ogre changed into an elephant
  8546 | D:9      | Killed an elephant
  8546 | D:9      | Reached XP level 11. HP: 19/86 MP: 12/12
  9149 | D:10     | Entered Level 10 of the Dungeon
  9265 | D:10     | Received a gift from Nemelex Xobeh
  9487 | D:10     | Found the +9 staff of Wucad Mu {channel}
  9817 | D:10     | Reached skill level 5 in Evocations
  9818 | D:10     | Found Leymue's Distillery.
 10054 | D:11     | Noticed Gastronok
 10055 | D:11     | Noticed a brown ugly thing
 10057 | D:11     | Noticed Gastronok
 10057 | D:11     | Gastronok changed into Gastronok the titan
 10067 | D:10     | Killed a red ugly thing
 10072 | D:11     | Identified the +2 long sword "Wyetasch" {antimagic, SInv}
 10082 | D:11     | Killed Gastronok the titan
 10082 | D:11     | Reached skill level 1 in Spellcasting
 10082 | D:11     | Reached skill level 5 in Invocations
 10171 | D:11     | Noticed a centaur warrior
 10186 | D:11     | Killed a centaur warrior
 10336 | D:11     | Reached skill level 1 in Hexes
 10508 | D:11     | Received a gift from Nemelex Xobeh
 10541 | D:11     | Reached **** piety under Nemelex Xobeh
 10623 | D:11     | Noticed a brown ugly thing
 10633 | D:11     | Killed a brown ugly thing
 10703 | D:11     | Received a gift from Nemelex Xobeh
 10972 | D:11     | Found a transporter.
 10973 | D:11     | Found a transporter.
 10984 | D:11     | Noticed fritzmikael's ghost (novice GnWz)
 11203 | D:12     | Reached XP level 12. HP: 70/94 MP: 15/15
 11997 | D:12     | Found a staircase to the Orcish Mines.
 12072 | D:12     | Reached skill level 10 in Shields
 12419 | D:13     | Reached ***** piety under Nemelex Xobeh
 12419 | D:13     | Received a gift from Nemelex Xobeh
 12744 | D:13     | Found a gate to the Vaults.
 12744 | D:13     | Noticed a vault guard
 12744 | D:13     | Noticed a vault guard
 12744 | D:13     | Noticed a vault guard
 12744 | D:13     | Noticed a vault guard
 12969 | Lair:1   | Entered Level 1 of the Lair of Beasts
 12969 | Lair:1   | Noticed a four-headed hydra
 12980 | Lair:1   | Killed a four-headed hydra
 13240 | Lair:1   | Received a gift from Nemelex Xobeh
 13673 | Lair:1   | Received a gift from Nemelex Xobeh
 13919 | Lair:2   | Identified the +4 war axe of Compassion {vamp, *Drain rElec
                  | Str+4 Int+2} (You found it on level 6 of the Dungeon)
 13986 | Lair:2   | Noticed a seven-headed hydra
 13993 | Lair:2   | Killed a seven-headed hydra
 14004 | Lair:2   | Found a staircase to the Swamp.
 14085 | Lair:2   | Received a gift from Nemelex Xobeh
 14147 | Lair:2   | Found a blossoming altar of Fedhas.
 14571 | Lair:2   | Noticed a dire elephant
 14594 | Lair:2   | Killed a dire elephant
 14594 | Lair:2   | Reached skill level 5 in Spellcasting
 14849 | Lair:2   | Received a gift from Nemelex Xobeh
 14873 | Lair:2   | Reached XP level 13. HP: 66/101 MP: 19/19
 15215 | Lair:3   | Found the +7 longbow "Piercer" {penet, EV-2}
 15302 | Lair:3   | You fall through a shaft for 2 floors!
 15302 | Lair:5   | Received a gift from Nemelex Xobeh
 15326 | Lair:5   | Noticed Josephine
 15332 | Lair:5   | Killed Josephine
 15362 | Lair:5   | Reached skill level 5 in Hexes
 15557 | Lair:4   | Received a gift from Nemelex Xobeh
 15590 | Lair:4   | Found a staircase to the Snake Pit.
 15784 | Lair:4   | Reached ****** piety under Nemelex Xobeh
 16565 | Lair:3   | Received a gift from Nemelex Xobeh
 16568 | Lair:3   | Identified a scroll of acquirement
 16939 | Lair:3   | Learned a level 1 spell: Summon Small Mammal
 16994 | Lair:4   | Killed from afar by an electric eel

Skill      XL: |  1  2  3  4  5  6  7  8  9 10 11 12 13 |
---------------+----------------------------------------+-----
Axes           | 3 6 7 9 11 13 16 | 16.0
Fighting       | 4 5 7 |  7.5
Armour         | 4 5 6 |  6.8
Dodging        | 2 5 |  5.0
Shields        | 6 9 11 12 | 12.6
Evocations     | 3 5 |  5.0
Invocations    | 2 5 |  5.3
Spellcasting   | 2 5 |  5.0
Hexes          | 2 4 5 |  5.0

Action                   |  1- 3 |  4- 6 |  7- 9 | 10-12 | 13-15 || total
-------------------------+-------+-------+-------+-------+-------++-------
Melee: War axe           |    52 |    67 |   386 |   644 |   166 ||  1315
       Headbutt          |     4 |    11 |    66 |   166 |    33 ||   280
       Morningstar       |       |       |       |    40 |    16 ||    56
 Abil: Draw Destruction  |       |       |     6 |    15 |     2 ||    23
       Draw Summoning    |       |       |     1 |     4 |       ||     5
Evoke: Wand              |       |       |       |    36 |     9 ||    45
  Use: Potion            |     1 |       |       |     6 |       ||     7
       Scroll            |       |     5 |     9 |     7 |     8 ||    29
 Stab: Distracted        |       |       |       |     1 |       ||     1
  Eat: Chunk             |       |     3 |     9 |    19 |     6 ||    37
       Ration            |       |       |     3 |     2 |       ||     5
Armor: Scale mail        |    25 |       |       |       |       ||    25
       Plate armour      |       |    30 |   170 |   283 |    64 ||   547
       Crystal plate arm |       |       |       |       |     6 ||     6
Dodge: Dodged            |    21 |    13 |    42 |   131 |    36 ||   243
Block: Shield            |    32 |    27 |   156 |   324 |   102 ||   641
